 Dungeon Crawl Stone Soup version 0.30-a0-900-g23479c02f2 (webtiles) character file.

Game seed: 374933628459670973

285 Demosthentine the Poker (level 6, 0/47 HPs)
             Began as a Demonspawn Gladiator on Mar 18, 2023.
             Succumbed to a water moccasin's poison
             ... on level 4 of the Dungeon.
             The game lasted 00:03:23 (2064 turns).

Demosthentine the Poker (Demonspawn Gladiator)      Turns: 2064, Time: 00:03:24

Health: 0/47       AC:  5    Str: 12 (15) XL:     6   Next: 7%
Magic:  5/5        EV: 13    Int:  6 (7)  God:
Gold:   167        SH:  0    Dex: 19 (22) Spells: 5/5 levels left

rFire   . . .      SeeInvis .    a - +0 trident
rCold   . . .      Faith    .    (no shield)
rNeg    . . .      Spirit   .    b - +0 leather armour
rPois   .          Reflect  .    (helmet restricted)
rElec   .          Rampage  .    h - +0 cloak
rCorr   .                        m - +0 pair of gloves
Will    .....                    (no boots)
Stlth   +                        (no amulet)
HPRegen 0.27/turn                (no ring)
MPRegen 0.09/turn                (no ring)

@: mighty, brilliant, lethally poisoned (0 -> -8)
A: hooves 1, ignite blood 1, powered by death 1, demonic touch 1, horns 1, agile
2, low MP 1
a: no special abilities


You were on level 4 of the Dungeon.
You visited 1 branch of the dungeon, and saw 4 of its levels.

You collected 167 gold pieces.

Inventory:

Hand Weapons
 a - a +0 trident (weapon)
Missiles
 e - a javelin (quivered)
Armour
 b - a +0 leather armour (worn)
 c - a +0 helmet
 h - a +0 cloak (worn)
 m - a +0 pair of gloves (worn)
Jewellery
 o - a +6 ring of intelligence
 q - a +4 ring of slaying
Scrolls
 n - a scroll of immolation
Potions
 f - a potion of flight
 i - a potion of brilliance
 k - a potion of mutation


   Skills:
 + Level 3.6 Fighting
 + Level 3.9 Polearms
 - Level 1.7 Throwing
 + Level 2.4 Armour
 + Level 3.8 Dodging


You had 5 spell levels left.
You didn't know any spells.
Your spell library was empty.

Dungeon Overview and Level Annotations

Branches:
Dungeon (4/15)
 Temple: D:4-7

Altars:

Shops:
D:3 [


Innate Abilities, Weirdness & Mutations

You have large cloven feet.
Your demonic aura sometimes causes spilled blood to erupt in flames.
You regenerate a little health from kills.
Your touch may inflict minor irresistible damage on your foes.
You have a pair of small horns on your head.
You are very agile. (Dex +8, Str/Int -2)
Your magical capacity is low. (-10% MP)


Message History

The orc priest struggles against the net.
Throw: throwing net
Press: ? - help, Q - select action, (/) - cycle Shift-Dir - straight line, f/p - water moccasin
Aim: a water moccasin (40% to hit)
You throw a throwing net.
The throwing net misses the water moccasin.
The throwing net hits the kobold.
The kobold is caught in the net!
The water moccasin barely misses you.
The kobold struggles against the net.
The orc priest struggles against the net.
It was a potion of brilliance.
You feel clever all of a sudden. The water moccasin barely misses you.
The kobold struggles against the net.
The water moccasin bites you!
* * * LOW HITPOINT WARNING * * *
The orc priest struggles against the net.
It was a potion of mutation.
You feel extremely strange. A pair of horns grows on your head!
Your +0 helmet falls away!
You feel agile.
You feel less energetic.
You feel agile.
The water moccasin bites you but does no damage.
The kobold struggles against the net.
The orc priest struggles against the net.
It was a potion of degeneration.
There was something very wrong with that liquid.
You feel weakened.
You feel dopey.
You feel clumsy. The water moccasin bites you.
* * * LOW HITPOINT WARNING * * *
The kobold struggles against the net.
The orc priest struggles against the net.
The water moccasin bites you but does no damage.
It was a potion of magic.
Magic courses through your body. The water moccasin bites you.
* * * LOW HITPOINT WARNING * * *
You are lethally poisoned!
The water moccasin poisons you!
The kobold struggles against the net.
The net rips apart, and the kobold comes free!
The orc priest struggles against the net.
It was a potion of might.
You feel very mighty all of a sudden.
You die...

............
........).. ###
.....h...#. ..#
......o... #.#
#......... #.#
#......... #@#
#.$....o..
#S#######.<...o.o.
##Ko)...##o......o.
#Woo.....o.......[.
#..........S...>....
#...................
#?....$.......S.....
#...........K.......
#...................


You could see a water moccasin, a phantom, an orc priest (caught), 2 orcs and a
kobold.

Vanquished Creatures
  Edmund (D:3)
  Ijyb (D:4)
  An orc wizard (D:4)
  5 adders
  4 worms
  2 dart slugs (D:2)
  4 orcs
  2 ball pythons (D:1)
  7 endoplasms
  3 giant cockroaches
  4 goblins
  5 hobgoblins
  3 quokkas (D:3)
  6 bats
  2 frilled lizards
  5 kobolds
  3 rats
58 creatures vanquished.

Notes
Turn   | Place    | Note
-------+----------+-------------------------------------------
     0 | D:1      | Demosthentine the Demonspawn Gladiator began the quest for
                  | the Orb.
     0 | D:1      | Reached XP level 1. HP: 16/16 MP: 1/1
   173 | D:1      | Discovered your monstrous ancestry.
   173 | D:1      | Gained mutation: Your touch may inflict minor irresistible
                  | damage on your foes. [demonic ancestry]
   173 | D:1      | Reached XP level 2. HP: 22/22 MP: 2/2
   806 | D:2      | Reached skill level 1 in Armour
   806 | D:2      | Reached XP level 3. HP: 27/28 MP: 3/3
   980 | D:2      | Gained mutation: You have large cloven feet. [demonic
                  | ancestry]
   980 | D:2      | Reached XP level 4. HP: 16/34 MP: 4/4
  1833 | D:3      | Found Dotinal's Antique Armour Shop.
  1925 | D:4      | Noticed a black bear
  1925 | D:4      | Noticed a water moccasin
  1926 | D:4      | Noticed Ijyb
  1962 | D:4      | Noticed Edmund
  1974 | D:3      | Killed Edmund
  1975 | D:3      | Gained mutation: Your demonic aura sometimes causes spilled
                  | blood to erupt in flames. [demonic ancestry]
  1975 | D:3      | Reached XP level 5. HP: 26/41 MP: 5/5
  2024 | D:4      | Paralysed by Ijyb for 5 turns
  2034 | D:4      | Paralysed by Ijyb for 4 turns
  2043 | D:4      | Killed Ijyb
  2054 | D:4      | Noticed a phantom
  2057 | D:4      | Gained mutation: You regenerate a little health from kills.
                  | [demonic ancestry]
  2057 | D:4      | Reached XP level 6. HP: 7/47 MP: 6/6
  2061 | D:4      | Gained mutation: You have a pair of small horns on your
                  | head. [potion of mutation]
  2061 | D:4      | Gained mutation: You are agile. (Dex +4, Str/Int -1)
                  | [potion of mutation]
  2061 | D:4      | Gained mutation: Your magical capacity is low. (-10% MP)
                  | [potion of mutation]
  2061 | D:4      | Gained mutation: You are very agile. (Dex +8, Str/Int -2)
                  | [potion of mutation]
  2062 | D:4      | HP: 2/47 [water moccasin (3)]
  2064 | D:4      | Succumbed to a water moccasin's poison

Illustrated notes

Levels and vault maps discovered:
D:1:      saegor_arrival_simple_e, layout_loops_ring
D:2:      layout_rooms
D:3:      layout_loops_ring, serial_shops, shop
D:4:      layout_rooms, lightli_sewer_entry_pipes, minivault_24, uniq_ijyb,
          uniq_pikel, uniq_menkaure, uniq_sigmund, uniq_edmund

Skill      XL: |  1  2  3  4 |
---------------+-------------+-----
Polearms       | 3 |  3.9
Armour         | 1 2 |  2.4
Dodging        | 3 |  3.8
Fighting       | 3 |  3.6
Throwing       | |  1.7

Action                     |  1- 3 |  4- 6 || total
---------------------------+-------+-------++-------
  Melee: Trident           |    93 |    67 ||   160
         Touch             |    11 |    14 ||    25
         Kick              |       |    15 ||    15
  Throw: Throwing net      |       |     3 ||     3
    Use: Scroll            |     3 |     8 ||    11
         Potion            |       |     9 ||     9
   Stab: Sleeping          |     3 |       ||     3
         Held in net/web   |       |     2 ||     2
 Armour: Leather armour    |    32 |    19 ||    51
  Dodge: Dodged            |    61 |    25 ||    86

Table legend: (Time is in decaauts)
 A = Elapsed time spent in this place.
 B = Non-inter-level travel time spent in this place.
 C = Inter-level travel time spent in this place.
 D = Time resting spent in this place.
 E = Time spent auto-exploring this place.
 F = Levels seen in this place.
 G = Mean time per level.
                   A        B        C        D        E       F      G
               +--------+--------+--------+--------+--------+-----+--------+
         Total |   2066 |   2010 |     56 |    100 |   1448 |   4 |  516.5 |
       Dungeon |   2066 |   2010 |     56 |    100 |   1448 |   4 |  516.5 |
               +--------+--------+--------+--------+--------+-----+--------+

Top non-repeatable levels by time:
     D:1: 807 daAuts
     D:3: 709 daAuts
     D:2: 499 daAuts
     D:4: 50 daAuts
